 Dungeon Crawl Stone Soup version 0.21-a0-1-gaf3b9a5 (webtiles) character file.

1552 Kzard the Spear-Bearer (level 8, -7/106 HPs)
             Began as a Minotaur Berserker on May 20, 2017.
             Was an Elder of Trog.
             Mangled by a yak (8 damage)
             ... on level 7 of the Dungeon.
             The game lasted 00:24:02 (4010 turns).

Kzard the Spear-Bearer (Minotaur Berserker)         Turns: 4010, Time: 00:24:03

Health: -7/106     AC: 11    Str: 29    XL:     8   Next: 57%
Magic:  0/7        EV: 12    Int:  4    God:    Trog [****..]
Gold:   30         SH:  4    Dex: 10    Spells: 7/7 levels left

rFire    + . .     SeeInvis .   a - +1 spear
rCold    + . .     Gourm    .   l - +0 buckler {rF+}
rNeg     . . .     Faith    .   o - +0 scale mail
rPois    .         Spirit   +   (helmet restricted)
rElec    .         Reflect  .   (no cloak)
rCorr    .         Harm     .   C - +0 pair of gloves
MR       .....                  (no boots)
Stlth    ..........             F - amulet of guardian spirit
Regen    0.3/turn               j - +3 ring of protection
MPRegen  0.1/turn               h - ring of protection from cold

@: berserking, very quick
A: retaliatory headbutt, horns 2
a: Berserk, Trog's Hand, Brothers in Arms, Burn Spellbooks, Renounce Religion


You were on level 7 of the Dungeon.
You worshipped Trog.
Trog was greatly pleased with you.
You were near starving.

You visited 1 branch of the dungeon, and saw 7 of its levels.

You collected 330 gold pieces.
You spent 300 gold pieces at shops.

Inventory:

Hand Weapons
 a - a +1 spear (weapon)
Missiles
 g - 203 stones
 k - 21 sling bullets (quivered)
Armour
 l - a +0 buckler of fire resistance (worn)
 o - a +0 scale mail (worn)
 C - a +0 pair of gloves (worn)
Jewellery
 h - a ring of protection from cold (right hand)
 j - a +3 ring of protection (left hand)
 r - an uncursed amulet of magic regeneration
 z - an uncursed amulet of regeneration
 B - an uncursed amulet of the gourmand
 F - an amulet of guardian spirit (around neck)
Wands
 u - a wand of iceblast (0/15)
 v - a wand of polymorph (7/24)
 x - a wand of digging (12/24)
 y - a wand of paralysis (10/24)
Scrolls
 e - a scroll of fear
 p - a scroll of recharging
 s - 2 scrolls of identify
 w - a scroll of remove curse
Potions
 b - a potion of might
 f - a potion of lignification {unknown}
 i - 3 potions of degeneration {unknown}
 m - a potion of curing
 n - a potion of mutation {unknown}
 t - a potion of agility {unknown}
 A - a potion of ambrosia {unknown}
 E - a potion of invisibility {unknown}
 G - a potion of heal wounds {unknown}
Comestibles
 c - 8 bread rations
 d - 2 fruits
 q - 2 meat rations
 D - a royal jelly


   Skills:
 + Level 6.4 Fighting
   Level 0.2(5.0) Axes
 + Level 8.2 Polearms
 + Level 2.2 Throwing
 + Level 5.9 Armour
 + Level 5.0 Dodging
 + Level 1.8 Stealth
 + Level 2.3 Shields
 + Level 1.1 Evocations


You had 7 spell levels left.
You didn't know any spells.

Dungeon Overview and Level Annotations

Branches:
Dungeon (7/15)             Temple (0/1) D:5

Altars:
Ashenzari
Fedhas
Yredelemnul
The Shining One

Shops:
D:7 :

Annotations:
D:3 1 runed door


Innate Abilities, Weirdness & Mutations

You reflexively headbutt those who attack you in melee.
You have a pair of horns on your head.


Message History

The yak gores you but does no damage.
The yak snorts and paws the ground.
A red film seems to cover your vision as you go berserk!
You feel yourself moving faster!
You feel mighty!
You are near starving!
The yak gores you but does no damage. x2
You puncture the yak! Your headbutt misses the yak.
The yak is lightly wounded.
The yak closely misses you. You furiously retaliate!
You headbutt the yak! The yak gores you but does no damage.
You hit the yak.
The yak is heavily wounded.
The yak gores you.
* * * LOW HITPOINT WARNING * * *
The yak gores you!
* * * LOW HITPOINT WARNING * * *
You puncture the yak!
The yak is severely wounded.
The yak gores you!
You die...

#...≈....≈≈...
#.##...≈..≈≈..≈..
#.##....≈≈....≈..
#.##.......⌠≈≈...
#.##......≈≈⌠....
#.##.(...≈....≈≈.
########.#
#....≈..≈≈..≈
.........#
#.YY..≈≈....≈ #÷.#
#.@Y......≈≈.
#÷)###..Y.....≈≈..
#......###≈≈≈≈≈≈##
#####.#####
##≈≈≈≈## #.....#
##### #.##### #.#
#.# #.#######


You could see 4 yaks.

Vanquished Creatures
  The ghost of raph the Chopper, a novice HOMo (D:4)
  A yak (D:7)
  Eustachio (D:4)
  2 ogres
  4 bullfrogs (D:6)
  A scorpion (D:5)
  2 hounds
  A jelly (D:6)
  2 orc wizards
  Terence (D:2)
  An iguana (D:6)
  A hound skeleton (D:4)
  Robin (D:2)
  6 gnolls
  8 adders
  2 oozes
  An adder zombie (D:6)
  2 worms
  5 dart slugs
  4 leopard geckos
  9 orcs
  5 bats
  5 giant cockroaches
  15 goblins
  5 hobgoblins
  14 jackals
  2 quokkas
  2 ball pythons
  2 frilled lizards
  A jackal zombie (D:4)
  5 kobolds
  A quokka skeleton (D:4)
  A rat (D:1)
114 creatures vanquished.

Notes
Turn   | Place    | Note
-------+----------+-------------------------------------------
     0 | D:1      | Kzard the Minotaur Berserker began the quest for the Orb.
     0 | D:1      | Reached XP level 1. HP: 19/19 MP: 0/0
   300 | D:1      | Found a shattered altar of Ashenzari.
   303 | D:1      | Reached XP level 2. HP: 27/27 MP: 1/1
   399 | D:1      | Reached skill level 4 in Polearms
   576 | D:2      | Reached XP level 3. HP: 33/33 MP: 2/2
   584 | D:2      | Reached ** piety under Trog
   587 | D:2      | Noticed Robin
   595 | D:2      | Noticed Terence
   603 | D:2      | Killed Robin
   614 | D:2      | Killed Terence
   614 | D:2      | Reached skill level 5 in Polearms
   614 | D:2      | Reached XP level 4. HP: 12/41 MP: 3/3
  1038 | D:3      | Found a glowing golden altar of the Shining One.
  1038 | D:3      | Noticed an angel
  1039 | D:3      | Found a runed door.
  1403 | D:3      | Found a basalt altar of Yredelemnul.
  1645 | D:3      | Reached XP level 5. HP: 47/47 MP: 4/4
  1703 | D:4      | Noticed raph's ghost (novice HOMo)
  1713 | D:4      | Reached skill level 5 in Fighting
  1716 | D:4      | Killed raph's ghost
  1716 | D:4      | Reached skill level 6 in Polearms
  1716 | D:4      | Reached skill level 1 in Throwing
  1716 | D:4      | Reached XP level 6. HP: 56/56 MP: 5/5
  1795 | D:4      | Reached *** piety under Trog
  1795 | D:4      | Reached XP level 7. HP: 61/61 MP: 6/6
  2125 | D:4      | Noticed Eustachio
  2178 | D:4      | Killed Eustachio
  2178 | D:4      | Reached skill level 7 in Polearms
  2178 | D:4      | Reached skill level 1 in Shields
  2306 | D:5      | Entered Level 5 of the Dungeon
  2326 | D:5      | Found a staircase to the Ecumenical Temple.
  2502 | D:6      | Reached skill level 5 in Armour
  2512 | D:6      | Reached skill level 1 in Stealth
  2521 | D:6      | Reached XP level 8. HP: 45/70 MP: 7/7
  2794 | D:6      | Found a blossoming altar of Fedhas.
  2925 | D:6      | Reached **** piety under Trog
  3515 | D:7      | Found Navewn's Book Shop.
  3535 | D:7      | Bought a book of Minor Magic for 300 gold pieces
  3583 | D:7      | Reached skill level 5 in Dodging
  3600 | D:7      | Reached skill level 8 in Polearms
  3600 | D:7      | Reached skill level 1 in Evocations
  4009 | D:7      | HP: 1/106 [yak (12)]
  4010 | D:7      | Mangled by a yak

Vault maps used:
D:1:      dpeg_arrival_tiny_k, evilmike_ruin_ashenzari
D:2:      okawaru_trees_2, first_bread, minivault_24, grunt_ministairs_9,
          uniq_terence, uniq_robin
D:3:      yredelemnul_altar_generic, lemuel_angel_altar
D:4:      serial_curves, eino_curves_03, eino_curves_02,
          cheibrodos_sewer_entry_bend, kennysheep_cross_bottleneck,
          corexii_checkpoint_b, minmay_bent, uniq_eustachio
D:5:      lemuel_castle_with_subvaults, minmay_temple_entry_steel_oval,
          hangedman_decor_lopped
D:6:      lemuel_doored_altar, minmay_holes
D:7:      cheibrodos_helix_gallery, serial_shops, shop_fountains,
          grunt_livestock

Skill      XL: |  1  2  3  4  5  6  7  8 |
---------------+-------------------------+-----
Fighting       | 4 5 6 |  6.4
Polearms       | 4 5 6 7 8 |  8.2
Armour         | 3 4 5 |  5.9
Throwing       | 1 2 |  2.2
Dodging        | 3 4 5 |  5.0
Shields        | 1 2 |  2.3
Stealth        | 1 |  1.8
Evocations     | 1 |  1.1
Axes           | |  0.2

Action                   |  1- 3 |  4- 6 |  7- 9 || total
-------------------------+-------+-------+-------++-------
Melee: Spear             |    63 |    22 |   188 ||   273
       Headbutt          |    12 |    11 |    40 ||    63
       Hand axe          |       |    25 |       ||    25
Throw: Stone             |     5 |    16 |       ||    21
Invok: Berserk           |     1 |     2 |     3 ||     6
       Trog's Hand       |       |       |     1 ||     1
       Burn Spellbooks   |       |       |     1 ||     1
Evoke: Wand              |       |       |     7 ||     7
  Use: Scroll            |       |     5 |     4 ||     9
       Potion            |       |     1 |       ||     1
 Stab: Paralysed         |       |       |     3 ||     3
  Eat: Meat ration       |       |     1 |       ||     1
       Chunk             |       |       |     9 ||     9
Armor: Leather armour    |    27 |       |       ||    27
       Scale mail        |       |    30 |    97 ||   127
Dodge: Dodged            |    79 |    47 |   130 ||   256
Block: Buckler           |       |     5 |    31 ||    36
